 Dungeon Crawl Stone Soup version 0.30.1-11-g7821555f0a (webtiles) character file.

Game seed: 11383848086994388044

58 Chiseanne the Caller (level 3, -4/30 HPs)
             Began as a Demonspawn Wanderer on Nov 25, 2023.
             Killed from afar by Ijyb (8 damage)
             ... with a puff of flame
             ... on level 2 of the Dungeon.
             The game lasted 00:01:42 (849 turns).

Chiseanne the Caller (Demonspawn Wanderer)           Turns: 849, Time: 00:01:43

Health: -4/30      AC:  5    Str: 12    XL:     3   Next: 76%
Magic:  4/4        EV: 10    Int: 13    God:
Gold:   37         SH:  0    Dex: 14    Spells: 3/4 levels left

rFire   . . .        a - +1 quarterstaff
rCold   . . .        (shield currently unavailable)
rNeg    . . .        c - +0 ring mail
rPois   .            (no helmet)
rElec   .            (no cloak)
rCorr   .            (no gloves)
SInv    .            (no boots)
Will    .....        (no amulet)
Stlth   +            (no ring)
HPRegen 0.25/turn    (no ring)
MPRegen 0.09/turn

%: no passive effects
@: no status effects
A: spiny 1
a: no special abilities


You were on level 2 of the Dungeon.
You visited 1 branch of the dungeon, and saw 2 of its levels.

You collected 37 gold pieces.

Inventory:

Hand Weapons
 a - a +1 quarterstaff (weapon)
 h - a +1 hand axe of venom
Missiles
 d - 21 stones
Armour
 c - a +0 ring mail (worn)
Jewellery
 f - a ring of magical power
Wands
 k - a wand of paralysis (8)
Scrolls
 e - 3 scrolls of identify {unknown}
 i - a scroll of teleportation {unknown}
 j - a scroll of blinking {unknown}
 l - a scroll of torment {unknown}
 m - a scroll of enchant armour {unknown}
Potions
 b - a potion of brilliance


   Skills:
 * Level 3.7 Fighting
 - Level 1.0 Staves
 * Level 1.4 Armour
 * Level 1.7 Dodging
 - Level 1.0 Spellcasting
 - Level 5.0 Summonings


You had 3 spell levels left.
You knew the following spells:

 Your Spells              Type           Power      Damage    Failure   Level
a - Summon Small Mammal   Summ           52%        N/A       8%          1

Your spell library contained the following spells:

 Spells                   Type           Power      Damage    Failure   Level
 Call Canine Familiar     Summ           13%        N/A       24%         3
 Summon Lightning Spire   Summ/Air       7%         N/A       91%         4


Dungeon Overview and Level Annotations

Branches:
Dungeon (1/15)

Altars:

Annotations:
D:2 Ijyb


Innate Abilities, Weirdness & Mutations

You are partially covered in sharp spines.


Message History

You kill the goblin!
No target in view!
No target in view!
No target in view!
No target in view!
No target in view!
No target in view!
No target in view!
No target in view!
No target in view!
No target in view!
No target in view!
No target in view!
No target in view!
No target in view!
No target in view!
No target in view!
Things that are here:
a +0 club; a goblin corpse Ijyb the Twisted Goblin comes into view.
She is wielding a +6 club and carrying a wand of flame (11).
Ijyb zaps a wand.
The puff of flame hits you. Ijyb hits you but does no damage.
You closely miss Ijyb.
Ijyb zaps a wand.
The puff of flame hits you. Ijyb hits you with a +6 club.
You hit Ijyb.
Ijyb is moderately wounded.
Ijyb closely misses you.
You barely miss Ijyb.
Ijyb is moderately wounded.
Ijyb hits you with a +6 club!
It was a potion of curing.
You feel better. Ijyb hits you with a +6 club!
You sock Ijyb!
Ijyb is heavily wounded.
Ijyb zaps a wand.
The puff of flame hits you!
* * * LOW HITPOINT WARNING * * *
You sock Ijyb!
Ijyb is almost dead.
The goblin closely misses you. Ijyb barely misses you.
Ijyb zaps a wand.
The puff of flame hits you!
You die...

##..8.8.8 #..
#........ #..
######...g..g. #..
#.......g.g... #..
#...###..g.... #..
#...# ....... #..
#...###..8.8.8 ###
#..gg.########### #.
#..@#.### #.###.
#.......## #.....
#........######.####
#......#.))).....###
#......#######....##
###......######....#
##...#.##.........
###..............
###............


You could see Ijyb and a goblin.

Vanquished Creatures
  2 adders (D:2)
  A dart slug (D:2)
  4 endoplasms
  A giant cockroach (D:2)
  6 goblins
  A hobgoblin (D:2)
  6 kobolds
  A quokka (D:1)
  4 ball pythons
  6 bats
  4 frilled lizards
  3 rats
39 creatures vanquished.

Notes
Turn   | Place    | Note
-------+----------+-------------------------------------------
     0 | D:1      | Chiseanne the Demonspawn Wanderer began the quest for the
                  | Orb.
     0 | D:1      | Chiseanne set off with the following items: a +1
                  | quarterstaff, a potion of brilliance, a +0 robe; and the
                  | following spell memorised: Summon Small Mammal; and the
                  | following spells available to memorise: Call Canine
                  | Familiar, Summon Lightning Spire.
     0 | D:1      | Reached XP level 1. HP: 18/18 MP: 2/2
   230 | D:1      | Gained mutation: You are partially covered in sharp spines.
                  | [demonic ancestry]
   230 | D:1      | Reached XP level 2. HP: 15/24 MP: 3/3
   323 | D:1      | Reached skill level 1 in Dodging
   506 | D:1      | You fall into a shaft and drop 1 floor!
   584 | D:2      | Reached skill level 1 in Armour
   585 | D:2      | Found a faded altar of an unknown god.
   587 | D:2      | Noticed a golden eye
   588 | D:2      | Noticed a floating eye
   593 | D:2      | Noticed an eye of devastation
   594 | D:2      | Reached XP level 3. HP: 29/29 MP: 4/4
   604 | D:2      | Noticed an eye of devastation
   840 | D:2      | Noticed Ijyb
   849 | D:2      | Killed from afar by Ijyb

Illustrated notes

Levels and vault maps discovered:
D:1:      dpeg_arrival_three_smaller_balls, layout_basic, dk_noncrumbling_3
D:2:      kennysheep_the_goblin_king, layout_rooms,
          hellmonk_ecumenical_altar_watching_god, minivault_26

Skill      XL: |  1  2 |
---------------+-------+-----
Dodging        | 1 |  1.7
Armour         | 1 |  1.4
Fighting       | |  3.7
Staves         | |  1.0
Spellcasting   | |  1.0
Summonings     | |  5.0

Action                     || total
---------------------------++-------
  Melee: Quarterstaff      ||    66
    Use: Potion            ||     1
 Armour: Robe              ||     2
         Ring mail         ||    11
  Dodge: Dodged            ||    30
